 Dungeon Crawl Stone Soup version 0.30-a0-930-gb9d0489357 (webtiles) character file.

Game seed: 13757636784695406845

462553 Strat the Pacifist (level 24, -1/242 HPs)
             Began as a Hill Orc Reaver on Mar 21, 2023.
             Was an Elder of Elyvilon.
             Slain by a putrid mouth (4 damage)
             ... called by a doom hound
             ... on level 1 of the Realm of Zot on Mar 23, 2023.
             The game lasted 02:55:44 (64914 turns).

Strat the Pacifist (Hill Orc Reaver)               Turns: 64914, Time: 02:55:45

Health: -1/242     AC: 33    Str: 26    XL:     24   Next: 19%
Magic:  27/40      EV: 11    Int: 13    God:    Elyvilon [****..]
Gold:   4461       SH:  0    Dex:  9    Spells: 10/26 levels left

rFire   + . .      SeeInvis .    b - +2 executioner's axe "Qieshrukk" {spect, rC+}
rCold   + + .      Faith    +    (shield currently unavailable)
rNeg    + + +      Spirit   .    O - +7 Kryia's mail coat {PotionHeal*2 rC+}
rPois   +          Reflect  .    c - +2 hat
rElec   +          Rampage  .    B - +2 cloak {Stlth+}
rCorr   .                        J - +0 pair of gloves of Foeha {rF+ rN+ Regen+}
Will    +....                    y - +2 pair of boots
Stlth   +                        n - amulet "Iceduboax" {Faith rN++}
HPRegen 1.40/turn                N - ring "Ceneeg" {Fly rElec Slay+2}
MPRegen 0.27/turn                p - +4 ring of protection

@: mighty, lethally poisoned (-1 -> -2), flying, slowed, very slow
A: iridescent scales 1, poison resistance
}: 3/15 runes: decaying, silver, gossamer
a: Renounce Religion, Purification, Heal Other, Heal Self


You were on level 1 of the Realm of Zot.
You worshipped Elyvilon.
Elyvilon was greatly pleased with you.
You visited 8 branches of the dungeon, and saw 40 of its levels.
You visited the Abyss 2 times.
You also visited: Trove and Gauntlet.

You collected 6436 gold pieces.
You spent 1975 gold pieces at shops.

Inventory:

Hand Weapons
 a - a +7 broad axe of venom
 b - the +2 executioner's axe "Qieshrukk" (weapon) {spect, rC+}
   (You found it in a treasure trove)

   rC:        It protects you from cold.
 r - a +4 broad axe of freezing
 F - a +3 executioner's axe of flaming
 S - a +5 morningstar of freezing
Missiles
 x - 14 curare-tipped darts
 I - 8 throwing nets
 M - 12 javelins
 U - 4 silver javelins
Armour
 c - a +2 hat (worn)
 y - a +2 pair of boots (worn)
 B - a +2 cloak of stealth (worn)
 G - a +2 buckler
 J - the +0 pair of gloves of Foeha (worn) {rF+ rN+ Regen+}
   (You found it in a Gauntlet)

   rF:        It protects you from fire.
   rN:        It protects you from negative energy.
   Regen:     It increases your rate of health regeneration.
 O - the +7 Kryia's mail coat (worn) {PotionHeal*2 rC+}
   (You acquired it on level 15 of the Dungeon)

   PotionHeal*2: Potions heal its wearer twice as much.
   rC:        It protects you from cold.
 V - a +0 tower shield of protection
Jewellery
 d - the ring "Plog" {rPois rN++ Will- rCorr Dex-5}
   (You found it on level 11 of the Dungeon)

   [ring of resist corrosion]

   Dex:       It affects your dexterity (-5).
   rPois:     It protects you from poison.
   rN:        It greatly protects you from negative energy.
   rCorr:     It protects you from acid and corrosion.
   Will:      It decreases your willpower.
 j - a ring of willpower
 n - the amulet "Iceduboax" (around neck) {Faith rN++}
   (You found it on level 2 of the Swamp)

   [amulet of faith]

   It allows you to gain divine favour quickly.
   rN:        It greatly protects you from negative energy.
 p - a +4 ring of protection (right hand)
 A - a +5 ring of evasion
 D - a +4 ring of slaying
 K - an amulet of guardian spirit
 L - the ring "Heoroufy" {rC++ SInv}
   (You took it off a tengu reaver on level 2 of the Depths)

   [ring of see invisible]

   rC:        It greatly protects you from cold.
   SInv:      It lets you see invisible.
 N - the ring "Ceneeg" (left hand) {Fly rElec Slay+2}
   (You found it in a Gauntlet)

   [ring of flight]

   Slay:      It affects your accuracy & damage with ranged weapons and melee
   (+2).
   rElec:     It insulates you from electricity.
   Fly:       It grants you flight.
 P - an amulet of magic regeneration
Wands
 f - a wand of quicksilver (17)
 s - a wand of charming (48)
 t - a wand of mindburst (7)
 u - a wand of flame (40)
 w - a wand of polymorph (23)
 H - a wand of roots (12)
 R - a wand of digging (7)
Scrolls
 e - a scroll of silence
 i - a scroll of fear
 k - 3 scrolls of enchant armour
 q - 22 scrolls of identify
 Q - 7 scrolls of magic mapping
 W - 6 scrolls of fog
 Y - 4 scrolls of amnesia
 Z - 2 scrolls of poison
Potions
 h - 7 potions of magic
 l - 2 potions of heal wounds
 m - 12 potions of brilliance
 o - 6 potions of flight
 v - 4 potions of haste
 z - 8 potions of ambrosia
 C - 5 potions of lignification
 E - 15 potions of curing


   Skills:
 + Level 25.1 Fighting
 - Level 24.0 Axes
 - Level 13.6 Armour
 - Level 4.1 Dodging
 - Level 5.0 Shields
 - Level 1.5 Spellcasting
 - Level 4.0 Conjurations
 - Level 10.0 Hexes
 - Level 16.8 Summonings
 - Level 1.0 Translocations
 O Level 27 Invocations
 - Level 5.0 Evocations


You had 10 spell levels left.
You knew the following spells:

 Your Spells              Type           Power      Damage    Failure   Level
a - Summon Mana Viper     Hex/Summ       35%        N/A       5%          5
b - Momentum Strike       Conj/Tloc      14%        3d8       26%         2
c - Hailstorm             Conj/Ice       6%         3d4       54%         3
d - Summon Cactus Giant   Summ           22%        N/A       8%          6

Your spell library contained the following spells:

 Spells                   Type           Power      Damage    Failure   Level
 Slow                     Hex            100%       N/A       1%          1
 Call Imp                 Summ           44%        N/A       1%          2
 Confusing Touch          Hex            27%        N/A       2%          3
 Cause Fear               Hex            13%        N/A       9%          4
 Magic Dart               Conj           44%        1d5       10%         1
 Ensorcelled Hibernation  Hex/Ice        28%        N/A       10%         2
 Portal Projectile        Hex/Tloc       30%        N/A       16%         3
 Summon Ice Beast         Ice/Summ       22%        N/A       16%         4
 Summon Lightning Spire   Summ/Air       22%        N/A       16%         4
 Kiss of Death            Conj/Necr      24%        2d7       22%         1
 Summon Forest            Summ/Tloc      12%        N/A       34%         5
 Monstrous Menagerie      Summ           22%        N/A       38%         7
 Beastly Appendage        Tmut           2%         N/A       45%         1
 Sting                    Tmut/Pois      4%         1d3       45%         1
 Blink                    Tloc           6%         N/A       45%         2
 Lesser Beckoning         Tloc           6%         N/A       45%         2
 Anguish                  Hex/Necr       7%         N/A       54%         4
 Passwall                 Tmut/Erth      0%         N/A       58%         2
 Poisonous Vapours        Pois/Air       2%         N/A       58%         2
 Wereblood                Tmut           1%         N/A       58%         2
 Mephitic Cloud           Conj/Pois/Air  4%         N/A       65%         3
 Frozen Ramparts          Ice            2%         1d1       83%         3
 Spider Form              Tmut/Pois      1%         N/A       83%         3
 Swiftness                Air            1%         N/A       83%         3
 Vampiric Draining        Necr           1%         2d6       83%         3
 Metabolic Englaciation   Hex/Ice        7%         N/A       87%         5
 Iskenderun's Battlesphe  Conj           11%        2d7       95%         5
 Ice Form                 Ice/Tmut       1%         N/A       99%         4
 Olgreb's Toxic Radiance  Pois           1%         N/A       99%         4
 Petrify                  Tmut/Erth      1%         N/A       99%         4
 Fireball                 Conj/Fire      3%         3d4       99%         5
 Irradiate                Conj/Tmut      3%         3d12      99%         5
 Spellforged Servitor     Conj/Summ      14%        N/A       99%         7
 Alistair's Intoxication  Tmut/Pois      0%         N/A       100%        5
 Blade Hands              Tmut           0%         N/A       100%        5
 Conjure Ball Lightning   Conj/Air       3%         3x3d6     100%        6
 Eringya's Noxious Bog    Tmut/Pois      0%         N/A       100%        6
 Iron Shot                Conj/Erth      3%         9d2       100%        6
 Statue Form              Tmut/Erth      0%         N/A       100%        6
 Dragon Form              Tmut           0%         N/A       100%        7
 Orb of Destruction       Conj           5%         9d5       100%        7
 Storm Form               Tmut/Air       0%         N/A       100%        7
 Discord                  Hex            13%        N/A       100%        8
 Disjunction              Tloc           1%         N/A       100%        8
 Maxwell's Capacitive Co  Air            0%         ∞         100%        8
 Dragon's Call            Summ           22%        N/A       100%        9


Dungeon Overview and Level Annotations

Branches:
Dungeon (15/15)            Temple (0/1) D:7            Lair (5/5) D:9
  Swamp (4/4) Lair:2       Spider (4/4) Lair:3        Slime (0/5) Lair:5
    Orc (2/2) D:11            Elf (0/3) Orc:2        Vaults (5/5) D:13
  Crypt (0/3) Vaults:3     Depths (4/4) D:15            Zot (1/5) Depths:4
Gauntlet (visited)

Altars:
Elyvilon
Fedhas
Gozag
Kikubaaqudgha
Makhleb
Nemelex Xobeh
Okawaru
Qazlal
Sif Muna
Trog
Uskayaw
Xom
Yredelemnul
Zin
Beogh

Shops:
D:2 [   D:3 ?   D:6 !   D:7 :   Orc:2 *:([(   Vaults:1 =   Vaults:2 *
Vaults:3 !   Depths:1 =::=

Portals:
Hell: Depths:1 Depths:2 Depths:3 Depths:4
Abyss: Depths:2 Depths:3 Depths:4
Pandemonium: Depths:2
Ziggurat: Depths:3

Annotations:
D:4 2 runed translucent doors, relicbr's ghost, amateur SpDe
D:10 Snorg
D:14 Jorgrun
D:15 exclusion: 2 ice statues
Lair:5 1 runed translucent door
Swamp:3 2 transporters, superbruh's ghost, adept MiHu
Zot:1 Grunn; Parghit


Innate Abilities, Weirdness & Mutations

You are partially covered in iridescent scales. (AC +2)
Your system is resistant to poisons. (rPois)


Message History

The reaper hits you but does no damage.
A tormentor comes into view.
You are healed.
You can no longer call upon Elyvilon for divine vigour.
The infernal howling subsides.
You feel very sick. The tormentor hits you.
* * * LOW HITPOINT WARNING * * *
The tormentor hits you.
* * * LOW HITPOINT WARNING * * *
The Tzitzimitl engulfs you but does no damage.
The Tzitzimitl bites you!
* * * LOW HITPOINT WARNING * * *
The tormentor calls on the powers of darkness!
Your body is wracked with pain!
* * * LOW HITPOINT WARNING * * *
The putrid mouth bites you!
* * * LOW HITPOINT WARNING * * *
The putrid mouth claws you but does no damage.
The reaper hits you from afar with a +0 scythe of freezing!
* * * LOW HITPOINT WARNING * * *
The reaper freezes you.
* * * LOW HITPOINT WARNING * * *
The Tzitzimitl barely misses you.
The Tzitzimitl bites you but does no damage.
The tormentor calls on the powers of darkness!
You feel a surge of unholy energy.
You are healed.
You feel very sick. The putrid mouth bites you!
* * * LOW HITPOINT WARNING * * *
The putrid mouth claws you but does no damage.
The tormentor completely misses you.
The tormentor hits you but does no damage.
The reaper hits you but does no damage.
The Tzitzimitl engulfs you but does no damage.
The Tzitzimitl bites you!
* * * LOW HITPOINT WARNING * * *
The putrid mouth bites you.
You die...

#......#####...# #......#
#...# #......# #...#
#......# #...# #......#
#...# #...)..#####...#
#..............#
#..........2.W.#
###.........22@..# ~
#...........11#######
§~#...........ghh1§g.h###
§~'......#####...####hW2##
§~#.....##...#####..###..#
§§###..##..#.qyTXDz.# ##.#
§ #..# ....#y.##D#|[#°# ~
#..# #.##..y## .+$!#h#
#..#... ##.## #$$#h#


You could see Grunn, Parghit, a doom hound, 2 Tzitzimimeh, a red draconian
scorcher, a reaper, a putrid mouth (catching breath), 3 moths of wrath and 2
tormentors.

Vanquished Creatures
  A caustic shrike (Depths:2)
  4 golden dragons
  A doom hound (Zot:1)
  2 bone dragons (Depths:4)
  5 tentacled monstrosities
  An electric golem (Zot:1)
  6 titans
  5 sphinxes
  2 tentacled starspawn (Abyss:2)
  3 tengu reavers
  Agnes (Spider:3)
  A shadow dragon (Vaults:5)
  Kirke (Swamp:1)
  2 storm dragons
  A draconian knight (Depths:4)
  5 fire giants
  A deep elf sorcerer (Vaults:5)
  12 frost giants
  10 vault wardens
  2 emperor scorpions (Spider:4)
  Louise (Spider:1)
  Aizul (Spider:3)
  4 iron dragons
  4 ghost moths
  2 orc warlords (Vaults:3)
  16 very ugly things
  A cacodemon (Gauntlet)
  2 broodmothers
  2 spriggan defenders (Depths:2)
  3 war gargoyles
  21 ironbound preservers
  A broodmother (shapeshifter) (Abyss:2)
  11 stone giants
  A vampire knight (Depths:1)
  10 ironbound thunderhulks
  A putrid mouth (Zot:1)
  Nessos (Orc:1)
  A minotaur (Gauntlet)
  3 white draconians
  6 eleionomae
  A purple draconian (Depths:4)
  5 bunyips
  3 green draconians (Depths:4)
  A dire elephant (shapeshifter) (Vaults:5)
  2 red draconians (Depths:4)
  14 spark wasps
  2 crystal guardians (Vaults:3)
  10 ettins
  2 deep elf death magi (Vaults:5)
  3 shambling mangroves (Swamp:4)
  Josephine (Lair:3)
  8 fire dragons
  6 jiangshi (Depths:2)
  Fannar (D:11)
  11 entropy weavers
  2 deep elf high priests
  9 great orbs of eyes
  4 rakshasas
  9 yaktaur captains
  Harold (D:9)
  29 vault guards
  2 peacekeepers (Vaults:3)
  20 hydras
  5 ice dragons
  2 ghost crabs
  A catoblepas (D:13)
  A jorogumo (Spider:3)
  An ogre mage (D:14)
  12 centaur warriors
  11 two-headed ogres
  16 boulder beetles
  7 ironbound frosthearts
  A two-headed ogre (shapeshifter) (Depths:3)
  9 death yaks
  2 death knights
  3 deep troll shamans
  4 tengu warriors
  A titan zombie (Vaults:2)
  8 alligators
  4 deep troll earth magi
  2 vampire magi (Depths:2)
  5 radroaches
  Urug (Lair:2)
  A hell hog (Depths:3)
  A thrashing horror (Abyss:2)
  6 soul eaters
  4 sun demons
  4 orc high priests (Orc:2)
  12 hell knights
  Sonja (Orc:1)
  A titan skeleton (Vaults:4)
  A shadow wraith (Vaults:4)
  A skyshark (Lair:3)
  4 pharaoh ants
  4 wretched stars (Abyss:2)
  4 sun moths
  3 goliath frogs
  8 iron trolls
  A skeletal warrior (D:11)
  44 deep trolls
  5 orb spiders
  2 glowing orange brains
  An orb spider (shapeshifter) (Vaults:5)
  6 spriggan druids
  5 wizards
  10 swamp dragons
  6 bog bodies
  4 orc knights (Vaults:3)
  Pikel (D:7)
  7 lindwurms
  9 necromancers
  7 steelbarb worms
  2 phantasmal warriors
  A tengu zombie (Vaults:2)
  9 harpies (Vaults:2)
  A deep elf pyromancer (D:13)
  8 starcursed masses (Abyss:2)
  18 ironbound convokers
  2 mana vipers (shapeshifter) (Vaults:5)
  19 wolf spiders
  3 orc sorcerers
  A frost giant zombie (Vaults:3)
  5 manticores
  25 ugly things
  4 elephants (Lair:2)
  4 cyclopes
  3 will-o-the-wisps (Swamp:2)
  2 worldbinders (Abyss:2)
  An iron dragon skeleton (Vaults:4)
  7 moths of wrath
  3 human skeletons
  Maurice (D:8)
  23 vault sentinels
  7 black mambas
  A guardian serpent (Lair:5)
  A water nymph (shapeshifter) (Gauntlet)
  A black mamba (shapeshifter) (D:13)
  Joseph (D:10)
  An orange demon (D:12)
  2 rust devils
  12 cane toads
  5 smoke demons
  10 torpor snails
  An unseen horror (D:11)
  11 demonic crawlers
  4 kobold demonologists
  An efreet (D:13)
  18 yaktaurs
  6 rime drakes
  9 komodo dragons
  An ice devil (Depths:2)
  A tormentor (Depths:2)
  2 tengu conjurers
  2 freezing wraiths
  A red devil (Depths:2)
  9 meliai
  6 trolls
  18 hornets
  A queen bee (D:11)
  A troll (shapeshifter) (D:15)
  2 ettin zombies
  4 hellwings
  5 polar bears
  7 raiju (Abyss:2)
  17 tarantellas
  2 wolf spider simulacra
  3 tyrant leeches
  5 blink frogs (Lair:1)
  38 slime creatures
  3 jumping spiders (shapeshifter)
  A deep troll skeleton (Vaults:4)
  26 jumping spiders
  10 spriggans
  A shadow (D:13)
  16 wyverns
  A ynoxinul (Abyss:2)
  22 culicivoras
  5 wraiths
  4 hogs (Swamp:1)
  4 basilisks
  A chaos spawn (D:12)
  37 yaks
  A steam dragon (D:8)
  52 redbacks
  3 neqoxecs
  A yaktaur simulacrum (Vaults:3)
  11 vampire mosquitoes
  4 wargs
  2 acid dragons (D:11)
  A glowing shapeshifter zombie (Vaults:3)
  14 swamp worms
  10 water moccasins
  An ogre skeleton (Vaults:4)
  11 swamp drakes
  18 orc warriors
  A sky beast (D:8)
  3 black bears
  An ice beast (D:6)
  8 ogres
  3 large abominations (Abyss:2)
  11 boggarts
  6 wolves (Lair:3)
  16 centaurs
  2 phantoms
  3 kobold brigands
  4 small abominations (Abyss:2)
  8 bullfrogs
  A gnoll sergeant (D:7)
  5 scorpions
  10 wights
  28 killer bees
  9 electric eels
  5 jellies
  6 howler monkeys
  7 quasits
  2 hounds
  34 orc priests
  3 iron imps (D:15)
  2 iguanas
  A sleepcap (D:6)
  21 orc wizards
  4 gnolls (D:7)
  6 adders
  A shadow imp (D:5)
  2 white imps
  4 ufetubi
  2 worms
  2 dart slugs (D:1)
  58 orcs
  2 bats
  7 endoplasms
  4 giant cockroaches
  7 goblins
  A hobgoblin (D:2)
  5 jackals
  25 kobolds
  5 quokkas
  7 ball pythons
  3 frilled lizards
  12 rats
  2 starspawn tentacles (Abyss:2)
1540 creatures vanquished.

Vanquished Creatures (collateral kills)
  A golden dragon (Vaults:5)
  A storm dragon (Vaults:5)
  An emperor scorpion (Spider:4)
  A demonic crawler (Spider:4)
4 creatures vanquished.

Vanquished Creatures (others)
  Arachne (Spider:2)
  A tentacled monstrosity (Zot:1)
  A draconian scorcher (Zot:1)
  3 draconian annihilators (Zot:1)
  A black draconian (Depths:4)
  A purple draconian (Zot:1)
  3 red draconians (Zot:1)
  A spark wasp (Spider:4)
  A hydra (Swamp:4)
  An entropy weaver (Spider:2)
  A radroach (Spider:1)
  An alligator (Swamp:4)
  A swamp dragon (Swamp:4)
  2 moths of wrath (Zot:1)
  A smoke demon (Depths:1)
  An ancient zyme (Abyss:2)
  2 meliai
  3 bloated husks
  A hornet (Swamp:4)
  2 culicivoras (Spider:2)
  A yak (Lair:3)
  A redback (Spider:2)
  A swamp worm (Swamp:1)
  A swamp drake (Swamp:4)
  A centaur (D:15)
  2 orc priests
  A bush (Lair:3)
  6 demonic plants (D:12)
  26 foxfires (Swamp:2)
  38 fungi
  84 plants
  6 starspawn tentacles (Abyss:2)
197 creatures vanquished.

Grand Total: 1741 creatures vanquished

Notes
Turn   | Place    | Note
-------+----------+-------------------------------------------
     0 | D:1      | Strat the Hill Orc Reaver began the quest for the Orb.
     0 | D:1      | Reached XP level 1. HP: 18/18 MP: 3/3
   134 | D:1      | Reached XP level 2. HP: 1/25 MP: 4/4
   341 | D:1      | Reached skill level 5 in Axes
   560 | D:1      | Reached XP level 3. HP: 29/30 MP: 5/5
  1404 | D:2      | Reached XP level 4. HP: 25/37 MP: 6/6
  1453 | D:2      | Learned a level 2 spell: Momentum Strike
  1457 | D:2      | Learned a level 3 spell: Hailstorm
  1713 | D:2      | Found a shimmering altar of Xom.
  2133 | D:2      | Found Reiqi's Antique Armour Boutique.
  2170 | D:3      | Found Xung's Magic Scroll Shop.
  2177 | D:3      | Bought a scroll of identify for 20 gold pieces
  3072 | D:4      | Found a large runed translucent door.
  3072 | D:4      | Found a large runed translucent door.
  3076 | D:4      | Noticed relicbr's ghost (amateur SpDe)
  3088 | D:4      | Reached XP level 5. HP: 38/46 MP: 7/7
  3191 | D:4      | Reached skill level 1 in Translocations
  3206 | D:4      | Noticed a black bear
  3216 | D:4      | Killed a black bear
  3217 | D:4      | Reached XP level 6. HP: 25/52 MP: 6/8
  3460 | D:4      | Found a stormy altar of Qazlal.
  3626 | D:4      | Found a blossoming altar of Fedhas.
  4122 | D:5      | Entered Level 5 of the Dungeon
  4141 | D:5      | Reached XP level 7. HP: 23/59 MP: 9/9
  4490 | D:5      | Reached skill level 10 in Axes
  4544 | D:5      | Found a shimmering blue altar of Sif Muna.
  4557 | D:5      | Reached skill level 1 in Armour
  4628 | D:5      | Found a hide-covered altar of Uskayaw.
  4660 | D:5      | Found a white marble altar of Elyvilon.
  4722 | D:5      | Became a worshipper of Elyvilon the Healer
  4945 | D:5      | Reached XP level 8. HP: 62/66 MP: 7/10
  5677 | D:6      | Found Xuchalegre's Distillery.
  5684 | D:6      | Bought a potion of heal wounds for 65 gold pieces
  6057 | D:6      | Found a bloodstained altar of Trog.
  6075 | D:6      | Reached * piety under Elyvilon
  6336 | D:6      | Found a sparkling altar of Nemelex Xobeh.
  6363 | D:6      | Reached ** piety under Elyvilon
  6993 | D:7      | Found Xefoc's Book Boutique.
  7048 | D:7      | Reached XP level 9. HP: 65/71 MP: 8/11
  7074 | D:7      | Found a glowing silver altar of Zin.
  7076 | D:7      | Found an iron altar of Okawaru.
  7089 | D:7      | Reached *** piety under Elyvilon
  7219 | D:7      | Upgraded the game from 0.30-a0-920-g7493c07aab to
                  | 0.30-a0-924-g0ad0bf95bc
  7402 | D:7      | Found an opulent altar of Gozag.
  7499 | D:7      | Found a staircase to the Ecumenical Temple.
  8548 | D:7      | Noticed Pikel
  8568 | D:7      | Killed Pikel
  8569 | D:7      | Reached skill level 2 in Invocations
  8769 | D:8      | Reached skill level 5 in Fighting
  8769 | D:8      | Reached skill level 3 in Invocations
  9044 | D:8      | Reached **** piety under Elyvilon
  9232 | D:8      | Noticed Maurice
  9265 | D:8      | Killed Maurice
  9266 | D:8      | Reached skill level 4 in Invocations
  9479 | D:8      | Reached skill level 5 in Invocations
  9479 | D:8      | Reached XP level 10. HP: 69/83 MP: 13/13
  9777 | D:8      | Found an ancient bone altar of Kikubaaqudgha.
 10185 | D:9      | Found a staircase to the Lair.
 10238 | D:9      | Reached ***** piety under Elyvilon
 10313 | D:9      | Reached skill level 15 in Axes
 10577 | D:9      | Reached skill level 6 in Invocations
 10940 | D:9      | Reached skill level 7 in Invocations
 11354 | D:9      | Noticed Harold
 11682 | D:10     | Entered Level 10 of the Dungeon
 11841 | D:9      | Killed Harold
 11873 | D:9      | Reached skill level 8 in Invocations
 12513 | D:10     | Reached XP level 11. HP: 68/95 MP: 17/17
 12608 | D:10     | Noticed a catoblepas
 12633 | D:10     | Noticed Joseph
 12666 | D:10     | Killed Joseph
 12667 | D:10     | Reached skill level 9 in Invocations
 13443 | D:10     | Noticed Snorg
 13796 | Lair:1   | Entered Level 1 of the Lair of Beasts
 14009 | Lair:1   | Elyvilon protects you from harm!
 14304 | Lair:1   | Reached skill level 10 in Fighting
 14413 | Lair:1   | Reached skill level 10 in Invocations
 15417 | Lair:1   | Reached ****** piety under Elyvilon
 16002 | Lair:2   | Noticed a bog body
 16071 | Lair:2   | Reached skill level 12 in Invocations
 16071 | Lair:2   | Reached XP level 12. HP: 106/106 MP: 18/21
 16414 | Lair:2   | Reached XP level 13. HP: 100/113 MP: 22/22
 16425 | Lair:2   | Noticed Urug
 16731 | Lair:2   | Reached skill level 10 in Armour
 16806 | Lair:2   | Found a staircase to the Swamp.
 16913 | Lair:2   | Identified the amulet of Noon {Faith *Slow Fly rC+ Dex+7}
 17295 | Lair:2   | Reached skill level 13 in Invocations
 17388 | Lair:2   | Killed Urug
 18077 | Lair:3   | Reached skill level 14 in Invocations
 18108 | Lair:3   | You fall into a shaft and drop 2 floors!
 18108 | Lair:5   | Entered Level 5 of the Lair of Beasts
 18800 | Lair:3   | Reached skill level 15 in Invocations
 19182 | Lair:3   | Noticed Josephine
 19431 | Lair:3   | Killed Josephine
 19672 | Lair:3   | Found a hole to the Spider Nest.
 20115 | Lair:3   | Reached skill level 16 in Invocations
 20116 | Lair:3   | Reached XP level 14. HP: 117/127 MP: 24/26
 22368 | Lair:5   | Reached skill level 17 in Invocations
 24191 | Lair:5   | Found a runed translucent door.
 24192 | Lair:5   | Noticed an azure jelly
 24192 | Lair:5   | Noticed an azure jelly
 24208 | Lair:5   | Found a staircase to the Slime Pits.
 25040 | D:10     | Reached skill level 15 in Fighting
 25040 | D:10     | Reached skill level 18 in Invocations
 25334 | D:11     | Noticed Fannar
 25363 | D:11     | Killed Fannar
 26198 | D:11     | Identified the ring "Plog" {rPois rN++ Will- rCorr Dex-5}
 26690 | D:11     | Reached skill level 19 in Invocations
 27492 | D:11     | Reached XP level 15. HP: 73/141 MP: 28/28
 27841 | D:11     | Reached skill level 20 in Invocations
 28248 | D:11     | Found a staircase to the Orcish Mines.
 28490 | Orc:1    | Entered Level 1 of the Orcish Mines
 28582 | Orc:1    | Found a roughly hewn altar of Beogh.
 28755 | Orc:1    | Noticed Sonja
 28764 | Orc:1    | Killed Sonja
 29005 | Orc:2    | Entered Level 2 of the Orcish Mines
 29020 | Orc:2    | Found a staircase to the Elven Halls.
 29021 | Orc:2    | Noticed Nessos
 29061 | Orc:1    | Killed Nessos
 29628 | Orc:2    | Found a roughly hewn altar of Beogh.
 29700 | Orc:2    | Found Coupnuup's Antique Weapon Emporium.
 30145 | Orc:2    | Found a roughly hewn altar of Beogh.
 30354 | Orc:2    | Found Gohuteub's Antique Armour Shop.
 30354 | Orc:2    | Found Vul Limp's Book Boutique.
 30355 | Orc:2    | Found Oqutuk's General Store.
 30359 | Orc:2    | Found Guxues's Weapon Shop.
 30419 | Orc:2    | Bought an embroidered cloak for 202 gold pieces
 32258 | D:13     | Found a gate leading to a gauntlet.
 32284 | D:13     | Found a gate to the Vaults.
 32292 | Gauntlet | Entered a Gauntlet
 32292 | Gauntlet | Found a transporter.
 32316 | Gauntlet | Found a transporter.
 32352 | Gauntlet | Found a transporter.
 32380 | Gauntlet | Found a transporter.
 32383 | Gauntlet | Found a transporter.
 32383 | Gauntlet | Found a transporter.
 32383 | Gauntlet | Found a large runed translucent door.
 32384 | Gauntlet | Found a large runed translucent door.
 32384 | Gauntlet | Found a large runed translucent door.
 32384 | Gauntlet | Found a large runed translucent door.
 32386 | Gauntlet | Found a large runed translucent door.
 32386 | Gauntlet | Found a large runed translucent door.
 32386 | Gauntlet | Found a runed translucent door.
 32386 | Gauntlet | Found a runed translucent door.
 32386 | Gauntlet | Found a large runed translucent door.
 32387 | Gauntlet | Found a large runed translucent door.
 32388 | Gauntlet | Found a large runed translucent door.
 32389 | Gauntlet | Found a transporter.
 32389 | Gauntlet | Found a large runed translucent door.
 32409 | Gauntlet | Found a transporter.
 32442 | Gauntlet | Found a transporter.
 32541 | Gauntlet | Identified the ring "Ceneeg" {Fly rElec Slay+2}
 32564 | Gauntlet | Found a transporter.
 32584 | Gauntlet | Found a large runed translucent door.
 32585 | Gauntlet | Found a large runed translucent door.
 32586 | Gauntlet | Found a large runed translucent door.
 32590 | Gauntlet | Found a large runed translucent door.
 32591 | Gauntlet | Found a large runed translucent door.
 32592 | Gauntlet | Found a large runed translucent door.
 32596 | Gauntlet | Found a runed translucent gate.
 32596 | Gauntlet | Found a runed translucent gate.
 32596 | Gauntlet | Found a runed translucent gate.
 32598 | Gauntlet | Found a transporter.
 32602 | Gauntlet | Found a transporter.
 32615 | Gauntlet | Gained mutation: Your body sometimes deteriorates upon
                  | taking damage. [a neqoxec]
 32618 | Gauntlet | Gained mutation: Armour fits poorly on your strangely
                  | shaped body. [a cacodemon]
 32627 | Gauntlet | Identified the +0 pair of gloves of Foeha {rF+ rN+ Regen+}
 32641 | Gauntlet | Lost mutation: Your body sometimes deteriorates upon taking
                  | damage. [potion of mutation]
 32641 | Gauntlet | Lost mutation: Armour fits poorly on your strangely shaped
                  | body. [potion of mutation]
 32641 | Gauntlet | Gained mutation: Armour fits poorly on your strangely
                  | shaped body. [potion of mutation]
 32641 | Gauntlet | Gained mutation: You occasionally lose the ability to read
                  | scrolls when taking damage. [potion of mutation]
 32642 | Gauntlet | Lost mutation: Armour fits poorly on your strangely shaped
                  | body. [potion of mutation]
 32642 | Gauntlet | Lost mutation: You occasionally lose the ability to read
                  | scrolls when taking damage. [potion of mutation]
 32642 | Gauntlet | Gained mutation: Your system is resistant to poisons.
                  | (rPois) [potion of mutation]
 32642 | Gauntlet | Gained mutation: You are partially covered in iridescent
                  | scales. (AC +2) [potion of mutation]
 32749 | Gauntlet | Identified the ring of Qusasyr {MP+9 Dex+7}
 33811 | D:3      | Bought a scroll of blinking for 75 gold pieces
 33811 | D:3      | Bought a scroll of enchant armour for 75 gold pieces
 33811 | D:3      | Bought a scroll of enchant armour for 75 gold pieces
 33811 | D:3      | Bought a scroll of magic mapping for 75 gold pieces
 34084 | D:14     | Reached XP level 16. HP: 97/160 MP: 30/30
 34354 | D:14     | Found an iron altar of Okawaru.
 34417 | D:14     | You fall into a shaft and drop 1 floor!
 34417 | D:15     | Entered Level 15 of the Dungeon
 34506 | D:14     | Noticed Jorgrun
 34784 | D:15     | Found a frozen archway.
 34905 | D:15     | Identified a scroll of acquirement
 34905 | D:15     | Acquired the +7 Kryia's mail coat {PotionHeal*2 rC+}
 34905 | D:15     | Found the +7 Kryia's mail coat {PotionHeal*2 rC+}
 34962 | D:15     | Reached skill level 1 in Shields
 35067 | D:15     | Found a burning altar of Makhleb.
 35193 | D:15     | Found a staircase to the Depths.
 35497 | Swamp:1  | Entered Level 1 of the Swamp
 35551 | Swamp:1  | Reached skill level 5 in Shields
 35612 | Swamp:1  | Noticed Kirke
 35811 | Swamp:1  | Killed Kirke
 36544 | Spider:1 | Entered Level 1 of the Spider Nest
 36748 | Spider:1 | Noticed Louise
 36769 | Spider:1 | Killed Louise
 37143 | Spider:1 | Reached XP level 17. HP: 94/172 MP: 31/31
 38016 | Spider:2 | Noticed Arachne
 38050 | Spider:2 | Killed Arachne
 38330 | Spider:2 | Identified the +5 plate armour of Forking Paths {rElec}
 38367 | Spider:2 | Reached skill level 21 in Invocations
 39364 | Spider:3 | Noticed Aizul
 39411 | Spider:3 | Killed Aizul
 40337 | Spider:3 | Noticed Agnes
 40363 | Spider:3 | Killed Agnes
 40819 | Spider:4 | Entered Level 4 of the Spider Nest
 41003 | Spider:3 | Upgraded the game from 0.30-a0-924-g0ad0bf95bc to
                  | 0.30-a0-930-gb9d0489357
 41022 | Spider:3 | Reached skill level 1 in Evocations
 41032 | Spider:3 | Paralysed by a jorogumo for 2 turns
 42001 | Spider:4 | Reached XP level 18. HP: 181/184 MP: 32/32
 42070 | Spider:4 | Reached skill level 22 in Invocations
 43242 | Spider:4 | Identified the +2 pair of gloves of the Tortured God {rPois
                  | Will+ Dex+7 Slay-5}
 43244 | Spider:4 | Got a gossamer rune of Zot
 43599 | Swamp:2  | Found a shimmering altar of Xom.
 43797 | Swamp:2  | Reached skill level 5 in Evocations
 43907 | Swamp:2  | Learned a level 5 spell: Summon Mana Viper
 43914 | Swamp:2  | Learned a level 6 spell: Summon Cactus Giant
 44212 | Swamp:2  | Reached skill level 1 in Hexes
 44212 | Swamp:2  | Reached skill level 1 in Summonings
 44375 | Swamp:2  | Identified the amulet "Iceduboax" {Faith rN++}
 44563 | Swamp:3  | Found a transporter.
 44564 | Swamp:3  | Noticed superbruh's ghost (adept MiHu)
 45114 | Swamp:3  | Found a transporter.
 45570 | Swamp:4  | Entered Level 4 of the Swamp
 45571 | Swamp:4  | Identified the +0 leather armour of Luyrij {rF++ rC-}
 46249 | Swamp:4  | Paralysed by a hornet for 1 turns
 46268 | Swamp:4  | Reached skill level 5 in Hexes
 46268 | Swamp:4  | Reached skill level 5 in Summonings
 46729 | Swamp:4  | Reached XP level 19. HP: 190/192 MP: 34/34
 46855 | Swamp:4  | Got a decaying rune of Zot
 46884 | Swamp:4  | Noticed the 27-headed Lernaean hydra
 46890 | Swamp:4  | Pacified the 27-headed Lernaean hydra
 47288 | Vaults:1 | Entered Level 1 of the Vaults
 47590 | Vaults:1 | Reached XP level 20. HP: 200/200 MP: 35/35
 49592 | Vaults:2 | Reached skill level 10 in Hexes
 49601 | Vaults:2 | Reached skill level 10 in Summonings
 50017 | Vaults:2 | Found Tany's General Store.
 50022 | Vaults:2 | Bought a potion of curing for 54 gold pieces
 50022 | Vaults:2 | Bought a potion of curing for 54 gold pieces
 50512 | Vaults:1 | Identified the ring "Zaim" {Ice rPois MP+9 Int+2 Stlth-}
 50597 | Vaults:1 | Elyvilon protects you from harm!
 51076 | Vaults:1 | Reached XP level 21. HP: 110/211 MP: 33/36
 51661 | Vaults:1 | Found Loruphaf's Jewellery Boutique.
 52118 | Vaults:3 | Found a staircase to the Crypt.
 52118 | Vaults:3 | Found a basalt altar of Yredelemnul.
 52119 | Vaults:3 | Found an ancient bone altar of Kikubaaqudgha.
 53112 | Abyss:2  | Cast into level 2 of the Abyss (a wizard)
 53113 | Abyss:2  | Found a corrupted altar of Lugonu.
 53684 | Vaults:3 | Escaped the Abyss
 53967 | Vaults:3 | Found Woschimon's Distillery.
 53974 | Vaults:3 | Bought a potion of haste for 160 gold pieces
 54305 | Vaults:3 | Identified the +9 plate armour "Lazuela" {-Cast rCorr SInv}
 55229 | Vaults:4 | Identified the +1 hat "Biaddagru" {+Inv}
 55429 | Vaults:4 | Paralysed by a great orb of eyes for 2 turns
 55644 | Vaults:4 | Paralysed by a great orb of eyes for 2 turns
 55652 | Vaults:4 | Reached skill level 15 in Summonings
 55652 | Vaults:4 | Reached XP level 22. HP: 223/224 MP: 37/37
 56296 | Depths:1 | Entered Level 1 of the Depths
 56296 | Depths:1 | Found a basalt altar of Yredelemnul.
 56411 | Depths:1 | Found Casmaonu's Jewellery Shop.
 56411 | Depths:1 | Found Vytop's Book Emporium.
 56412 | Depths:1 | Found Ottoxag's Book Emporium.
 56422 | Depths:1 | Bought a manual of Invocations for 1120 gold pieces
 56736 | Depths:1 | Paralysed by something for 4 turns
 56843 | Depths:1 | Found Oshrutt's Jewellery Shoppe.
 56981 | Depths:1 | Found a gateway to Hell.
 57310 | Depths:2 | Reached skill level 23 in Invocations
 57390 | Depths:2 | Identified the +3 leather armour "Muirun" {Dex+4}
 57876 | Depths:2 | Found a stormy altar of Qazlal.
 57888 | Depths:2 | Reached skill level 24 in Invocations
 57960 | Depths:2 | Found a one-way gate to the infinite horrors of the Abyss.
 58418 | Depths:2 | Noticed a golden dragon
 58441 | Depths:2 | Killed a golden dragon
 58442 | Depths:2 | Reached skill level 25 in Invocations
 58544 | Depths:2 | Identified the ring "Heoroufy" {rC++ SInv}
 58682 | Depths:2 | Noticed a caustic shrike
 58693 | Depths:2 | Killed a caustic shrike
 59042 | Depths:2 | Got Ezitudel's Parchment of Malediction and Left-Handed
                  | Spells
 59253 | Depths:2 | Found a one-way gate leading to the halls of Pandemonium.
 59468 | Depths:2 | Found a portal to a secret trove of treasure.
 59634 | Depths:2 | You paid a toll of +6 ice dragon scales to enter a treasure
                  | trove
 59635 | Trove    | Entered a treasure trove
 59642 | Trove    | Identified the +2 executioner's axe "Qieshrukk" {spect,
                  | rC+}
 59643 | Trove    | Identified the ring of Sof Xant {rPois rN+++ Str-2 Slay-6
                  | SInv}
 59659 | Trove    | Identified the ring "Rytixt" {rC+++ Will- MP-9 Int+3 Dex+6}
 60045 | Depths:3 | Found a one-way gateway to a ziggurat.
 60059 | Depths:3 | Reached skill level 26 in Invocations
 60367 | Depths:3 | Acquired 773 gold pieces
 60969 | Depths:4 | Entered Level 4 of the Depths
 61001 | Depths:4 | Got the Folio of the Spider and Malediction
 61119 | Depths:4 | Reached XP level 23. HP: 196/231 MP: 40/40
 61318 | Depths:4 | Noticed a golden dragon
 61400 | Depths:4 | Killed a golden dragon
 61810 | Depths:4 | Found a gate to the Realm of Zot.
 62063 | Depths:4 | Noticed a golden dragon
 62070 | Depths:4 | Killed a golden dragon
 62211 | Depths:4 | Identified the +6 arbalest of Yesterday {freeze, +Blink
                  | rElec Int+3}
 62657 | Vaults:5 | Entered Level 5 of the Vaults
 62662 | Abyss:2  | Cast into level 2 of the Abyss (vault guard)
 62686 | Vaults:5 | Escaped the Abyss
 63136 | Vaults:5 | Identified the amulet "Uruokh" {Harm Regen+}
 63143 | Vaults:5 | Noticed an ancient lich
 63149 | Vaults:5 | Paralysed by an ogre mage for 5 turns
 63690 | Vaults:5 | Noticed a golden dragon
 63706 | Vaults:5 | Killed a golden dragon
 63707 | Vaults:5 | Identified the +11 plate armour "Cetorgh" {rPois Will-
                  | Str+4}
 63735 | Vaults:5 | Identified the ring "Emubu" {rPois Int+3}
 63754 | Vaults:5 | Noticed a golden dragon
 63757 | Vaults:5 | Identified the +1 long sword "Buil" {flame, rElec rPois
                  | MP+9 Str-3}
 63865 | Vaults:5 | Reached XP level 24. HP: 230/239 MP: 40/40
 63908 | Vaults:5 | Got a silver rune of Zot
 63915 | Vaults:5 | Identified the +1 scimitar of Upheaval {heavy, +Blink rC+
                  | Str-3 SInv}
 64224 | Vaults:5 | Reached skill level 27 in Invocations
 64253 | Vaults:5 | Identified the +3 leather armour "Dubud" {Str+2}
 64761 | Zot:1    | Entered Level 1 of the Realm of Zot
 64860 | Zot:1    | Noticed an orb of fire
 64875 | Zot:1    | Noticed a dread lich
 64882 | Zot:1    | Noticed Grunn
 64907 | Zot:1    | Noticed Parghit
 64911 | Zot:1    | HP: 8/242 [reaper/+0 scythe of freezing[a doom hound] (14)]
 64913 | Zot:1    | HP: 3/242 [reaper/+0 scythe of freezing[a doom hound] (2)]
 64914 | Zot:1    | Slain by a putrid mouth

Illustrated notes

Levels and vault maps discovered:
D:1:      dpeg_arrival_circle_labyrinth_c, layout_loops_ring
D:2:      layout_loops_ring, basic_altar, serial_shops,
          nicolae_shop_hallway_plus, st_stairs_3
D:3:      kennysheep_six_static_rooms, layout_basic, serial_shops, shop
D:4:      layout_basic, mainiacjoe_overflow_six_doors_small,
          mainiacjoe_overflow_surrounded_room, ebering_ghost_disaster_area
D:5:      layout_basic, elyvilon_altar_5, nicolae_uskayaw_dance_hall,
          kennysheep_orc_sif_temple
D:6:      layout_basic, bloody_trog, mainiacjoe_overflow_brackets, serial_shops,
          nicolae_shop_temple_entry_statues_fountains, st_stairs_9
D:7:      layout_gridville, nicolae_gozag_cash_rules_everything_around_me,
          nicolae_overflow_squiral, minmay_temple_entry_gardened_gates,
          serial_shops, shop_statue, uniq_pikel
D:8:      layout_loops_corners, kennysheep_little_box, uniq_maurice
D:9:      layout_stronghold, dpeg_oklobed_lair, grunt_ministairs_9, uniq_harold
D:10:     layout_irregular_city, minivault_25_ag, lightli_corner_chamber,
          uniq_snorg, uniq_joseph
D:11:     regret_index_combs_of_tragedy, layout_basic, orc_0_dummy,
          kennysheep_generic_room_13, uniq_fannar
D:12:     layout_cave_pools, serial_demonic, serial_demonic_c, serial_demonic_g,
          serial_demonic_e, serial_demonic_d
D:13:     layout_roguey, david_vaults_2, gauntlet_entry_generic
D:14:     layout_rooms, okawaru_gym_becter, uniq_jorgrun
D:15:     grunt_enter_depths_hoard, layout_rooms,
          portal_ice_cave_entry_ice_statue_two, demons_altar
Lair:1:   layout_chaotic_city, infiniplex_staircase_pool_2
Lair:2:   layout_roguey, nicolae_swamp_entry_splash_gauntlet,
          grunt_megastairs_1, uniq_urug
Lair:3:   layout_chaotic_city, nicolae_spider_entry_orb_guardian,
          grunt_megastairs_4, uniq_josephine
Lair:4:   layout_long_grid, serial_bayou_shore_a, infiniplex_staircase_pool,
          lemuel_fruit_tree, grunt_megastairs_2
Lair:5:   hangedman_lair_tendril_chambers, layout_gridlike, slime_entry_2, pond
Swamp:1:  layout_falls_marsh, evilmike_swamp_ruin_house_5, swamp_pool5,
          uniq_kirke
Swamp:2:  layout_falls_marsh, basic_altar, swamp_pool4, nzn_swamp_dancing_lights
Swamp:3:  layout_basic_swamp, gammafunk_ghost_berserking_beasts,
          nicolae_swamp_triple_paths, swamp_pool3
Swamp:4:  swamp, layout_basic_swamp, swamp_pool1
Spider:1: layout_cave_pods, uniq_louise
Spider:2: layout_spider_delve, hellmonk_watch_for_rolling_rocks, uniq_arachne
Spider:3: layout_spider_delve, uniq_aizul, uniq_agnes
Spider:4: hellmonk_spider_rune_bug_friends, nicolae_spider_some_kinda_spiderbox
Orc:1:    layout_caves, basic_altar, uniq_sonja
Orc:2:    st_orc_mages, layout_caves, serial_shops, shop,
          hangedman_feature_mirror, uniq_nessos
Vaults:1: ontoclasm_vaults_bender, st_star, v_alt_pattern_6, v_alt_pattern_3,
          hangedman_vaults_locks, v_misc_17, v_misc_13,
          nicolae_vaults_yaktaur_gun_rack, vaults_dpeg_ring,
          layout_vaults_big_cross, serial_shops, shop_statue
Vaults:2: v_misc_13, vaults_mumra_hexcomb, v_misc_15,
          vaults_standard_mumra_lines, vaults_room_corners,
          nicolae_vaults_circle_grid_a, v_pattern_5, v_alt_pattern_5,
          ontoclasm_vaults_loading_screen, ontoclasm_vaults_eye, v_misc_23,
          v_alt_pattern_4, layout_vaults_omnibox, serial_shops,
          nicolae_shop_crystal
Vaults:3: ontoclasm_vaults_tryst, vaults_room_pools,
          minmay_crypt_entry_necro_gods, nicolae_vaults_know_your_exits,
          grunt_vaults_focal, v_misc_12, hangedman_vaults_slither,
          nicolae_vaults_network_quincunx
          [nicolae_vaults_network_quincunx_subvault,
          nicolae_vaults_network_quincunx_subvault,
          nicolae_vaults_network_quincunx_subvault,
          nicolae_vaults_network_quincunx_subvault,
          nicolae_vaults_network_quincunx_subvault], ontoclasm_vaults_pinch,
          vaults_mumra_minichess, v_pattern_1, hangedman_vaults_river_flow,
          v_misc_24, layout_vaults_maze_bifur, serial_shops, shop
Vaults:4: nicolae_vaults_alarming, vaults_standard_mumra_enter_the_diamond,
          hangedman_vaults_stagger, hangedman_vaults_corner,
          vaults_room_stairs_pillars, grunt_vaults_hallway_long,
          ontoclasm_vaults_spin, nicolae_vaults_an_arrangement, v_rooms_4,
          nicolae_vaults_ring_of_whatevers, nicolae_vaults_little_squares_1,
          vaults_room_semicircle, layout_vaults_ring
Vaults:5: serial_shops
Depths:1: layout_basic, hellmouth_3, minmay_door_square, serial_shops,
          nicolae_shop_hallway_plus, yredelemnul_altar_generic,
          minmay_shop_grove
Depths:2: kennysheep_large_spiral, layout_cave_pools,
          nicolae_qazlal_eye_of_the_storm, hell_entry, grunt_pan_entry_zigzag,
          abyss_entry_crystal, enter_trove_2, chequers_serial_rivers_small_b
Depths:3: lemuel_flame_loot_2, layout_basic, enter_ziggurat_a, hellmouth_2,
          hangedman_abyss_entry_splay, chequers_jeans, serial_glass,
          glass_columns_b, glass_columns_c, due_unseen_surprise,
          minmay_strange_pillars, item_on_display_a
Depths:4: grunt_twist_and_shout, layout_basic, abyss_entry_small_statue_room,
          hell_entry, hangedman_abyss_or_decor_jellyfish_corner
Zot:1:    gammafunk_the_bubble [the_bubble_gammafunk_split],
          layout_cellular_growth, nrook_zot_tub, uniq_grunn, uniq_parghit

Skill      XL: |  1  2  3  4  5  6  7  8  9 10 11 12 13 14 15 16 17 18 19 20 21 22 23 24 |
---------------+-------------------------------------------------------------------------+-----
Axes           | 5 6 7 8 10 12 14 16 17 18 19 24 | 24.0
Fighting       | 3 4 6 8 10 12 15 19 20 21 22 23 24 25 | 25.1
Conjurations   | 4 |  4.0
Translocations | 1 |  1.0
Armour         | 4 7 9 10 12 13 | 13.6
Invocations    | 5 8 12 16 19 20 21 22 26 27 | 27.0
Shields        | 5 |  5.0
Dodging        | 4 |  4.1
Evocations     | 3 5 |  5.0
Hexes          | 6 8 10 | 10.0
Summonings     | 6 8 11 15 16 | 16.8
Spellcasting   | |  1.5

Action                     |  1- 3 |  4- 6 |  7- 9 | 10-12 | 13-15 | 16-18 | 19-21 | 22-24 || total
---------------------------+-------+-------+-------+-------+-------+-------+-------+-------++-------
  Melee: Hand axe          |   106 |   186 |   326 |       |       |       |       |       ||   618
         Punch             |     1 |     1 |     8 |     9 |    19 |     1 |       |       ||    39
         War axe           |       |       |   132 |   226 |       |       |       |       ||   358
         Broad axe         |       |       |       |   186 |  1450 |  2298 |  1442 |   482 ||  5858
         Morningstar       |       |       |       |       |    13 |    66 |    25 |       ||   104
         Executioner's axe |       |       |       |       |       |       |       |   654 ||   654
   Cast: Momentum Strike   |       |     1 |    10 |     2 |       |       |       |       ||    13
         Kiss of Death     |       |     1 |       |       |       |       |       |       ||     1
         Summon Cactus Gia |       |       |       |       |       |       |       |     5 ||     5
         Summon Mana Viper |       |       |       |       |       |       |       |     4 ||     4
 Invoke: Heal Self         |       |       |     1 |     2 |    27 |    26 |    16 |    23 ||    95
         Heal Other        |       |       |       |       |     5 |     7 |     1 |     1 ||    14
  Evoke: Wand              |       |       |     7 |     3 |     8 |    14 |       |     1 ||    33
    Use: Scroll            |       |     4 |    16 |    12 |    12 |    19 |     8 |    19 ||    90
         Potion            |       |     2 |     2 |     2 |    17 |    14 |     5 |     6 ||    48
   Stab: Distracted        |       |       |       |       |     2 |       |       |     8 ||    10
         Invisible         |       |       |       |       |     5 |     1 |       |       ||     6
         Sleeping          |       |       |       |       |     1 |       |       |       ||     1
 Armour: Leather armour    |    38 |    72 |   127 |       |       |       |       |       ||   237
         Steam dragon scal |       |       |    35 |   126 |   204 |       |       |       ||   365
         Acid dragon scale |       |       |       |       |   439 |   103 |       |       ||   542
         Scale mail        |       |       |       |       |       |  1593 |   706 |   832 ||  3131
  Dodge: Dodged            |    61 |   111 |   211 |   163 |   683 |  1851 |   825 |   598 ||  4503
  Block: Buckler           |       |       |       |       |       |   693 |   390 |    93 ||  1176

Table legend: (Time is in decaauts)
 A = Elapsed time spent in this place.
 B = Non-inter-level travel time spent in this place.
 C = Inter-level travel time spent in this place.
 D = Time resting spent in this place.
 E = Time spent auto-exploring this place.
 F = Levels seen in this place.
 G = Mean time per level.
                   A        B        C        D        E       F      G
               +--------+--------+--------+--------+--------+-----+--------+
         Total |  63598 |  59399 |   4199 |  17590 |  25717 |  44 | 1445.4 |
       Dungeon |  21283 |  19646 |   1637 |   5827 |   9932 |  15 | 1418.9 |
          Lair |  11221 |  10566 |    655 |   4094 |   4709 |   5 | 2244.2 |
         Swamp |   4647 |   4337 |    310 |    895 |   1935 |   4 | 1161.8 |
   Spider Nest |   6558 |   6261 |    297 |   1786 |   2163 |   4 | 1639.5 |
  Orcish Mines |   2538 |   2413 |    125 |    803 |    994 |   2 | 1269.0 |
        Vaults |  10089 |   9258 |    831 |   2773 |   3375 |   5 | 2017.8 |
        Depths |   6005 |   5665 |    340 |   1095 |   2593 |   4 | 1501.2 |
           Zot |    153 |    153 |      0 |     30 |     15 |   1 |  153.0 |
         Abyss |    575 |    575 |      0 |    157 |      0 |   2 |  287.5 |
         Trove |     48 |     48 |      0 |      0 |      0 |   1 |   48.0 |
      Gauntlet |    475 |    475 |      0 |    126 |      0 |   1 |  475.0 |
               +--------+--------+--------+--------+--------+-----+--------+

Top non-repeatable levels by time:
    D:11: 3579 daAuts
Vaults:2: 2839 daAuts
  Lair:5: 2675 daAuts
  Lair:1: 2441 daAuts
Vaults:4: 2347 daAuts
  Lair:3: 2301 daAuts
  Lair:4: 2215 daAuts
    D:10: 2170 daAuts
Spider:4: 2154 daAuts
Vaults:3: 2077 daAuts
Spider:3: 2077 daAuts
Depths:2: 2070 daAuts
     D:9: 1933 daAuts
     D:7: 1824 daAuts
Vaults:1: 1800 daAuts
